 Dungeon Crawl Stone Soup version 0.29.1-15-g9cfb28693d (webtiles) character file.

Game seed: 13359475066751470739

60 Artool the Trooper (level 3, -1/29 HPs)
             Began as a Demonspawn Fighter on Apr 6, 2023.
             Killed by divine providence
             ... invoked by an orc priest
              (12 damage)
             ... on level 2 of the Dungeon.
             The game lasted 00:01:12 (1878 turns).

Artool the Trooper (Demonspawn Fighter)             Turns: 1878, Time: 00:01:13

Health: -1/29      AC:  8    Str: 18    XL:     3   Next: 80%
Magic:  3/3        EV:  9    Int:  9    God:
Gold:   103        SH:  4    Dex: 12    Spells: 2/2 levels left

rFire   . . .      SeeInvis .   a - +0 flail
rCold   . . .      Faith    .   c - +0 buckler
rNeg    . . .      Spirit   .   b - +0 scale mail
rPois   .          Reflect  .   (no helmet)
rElec   .          Harm     .   (no cloak)
rCorr   .          Rampage  .   (no gloves)
Will    .....                   (no boots)
Stlth   ..........              (no amulet)
HPRegen 0.09/turn               (no ring)
MPRegen 0.08/turn               (no ring)

@: no status effects
A: yellow scales 1, demonic magic 1
a: no special abilities


You were on level 2 of the Dungeon.
You visited 1 branch of the dungeon, and saw 2 of its levels.

You collected 103 gold pieces.

Inventory:

Hand Weapons
 a - a +0 flail (weapon)
Armour
 b - a +0 scale mail (worn)
 c - a +0 buckler (worn)
Jewellery
 l - a ring of magical power
Scrolls
 e - 2 scrolls of noise {unknown}
 f - 3 scrolls of teleportation {unknown}
 h - 2 scrolls of identify {unknown}
 m - a scroll of enchant armour {unknown}
 n - a scroll of magic mapping {unknown}
Potions
 d - a potion of might
 g - 2 potions of cancellation {unknown}
 i - a potion of berserk rage {unknown}
 j - a potion of ambrosia {unknown}
 k - a potion of heal wounds {unknown}


   Skills:
 + Level 3.6 Fighting
 + Level 2.6 Maces & Flails
 + Level 3.3 Armour
 - Level 2.6 Shields


You had 2 spell levels left.
You didn't know any spells.
Your spell library was empty.

Dungeon Overview and Level Annotations

Branches:
Dungeon (2/15)

Altars:


Innate Abilities, Weirdness & Mutations

You are partially covered in yellow scales. (AC +2)
Spells you cast may paralyse adjacent enemies.


Message History

No target in view!
No target in view!
No target in view!
No target in view!
No target in view!
No target in view!
No target in view!
No target in view!
No target in view!
No target in view!
There are monsters nearby!
There are monsters nearby!
An orc priest comes into view.
It is wielding a +0 hand axe of electrocution.
There are monsters nearby!
The orc priest shouts!
You closely miss the orc wizard.
The orc wizard hits you but does no damage.
You hit the orc wizard.
The orc wizard is lightly wounded.
The orc priest invokes the aid of Beogh against you.
Pain shoots through your body! You block the orc wizard's attack.
The orc priest hits you with a +0 short sword.
The hobgoblin hits you but does no damage.
The orc wizard barely misses you.
The orc wizard hits you but does no damage.
The orc priest calls upon Beogh to heal the orc wizard.
The orc wizard's wounds heal themselves!
The orc priest calls down the wrath of Beogh upon you.
Beogh smites you! The hobgoblin attacks as you move away!
The hobgoblin closely misses you.
The orc wizard gestures at you while chanting.
You resist with significant effort.
There is an open door here.
Found a viscous cyan potion.
The hobgoblin attacks as you move away! The hobgoblin barely misses you.
The hobgoblin attacks as you move away!
The hobgoblin hits you but does no damage.
The orc priest invokes the aid of Beogh against you.
Beogh smites you!
You die...

##..## #.. .. #..#
###.###. #..# ......
##..# ##...## ##...#
##.....## ##..).#
#.......###.....#
#!......##o.....#
#..@g.oooo......#
##.....###..........
##...## ##<........
##.## ##.....###
#..# ##...## #.##
##'## #. .# #. ..


You could see 2 orc priests, an orc wizard, 2 orcs and a hobgoblin.

Vanquished Creatures
  Terence (D:2)
  A worm (D:2)
  An orc (D:2)
  2 ball pythons
  4 endoplasms
  6 goblins
  2 hobgoblins (D:2)
  6 jackals (D:1)
  A kobold (D:1)
  2 rats (D:1)
26 creatures vanquished.

Notes
Turn   | Place    | Note
-------+----------+-------------------------------------------
     0 | D:1      | Artool the Demonspawn Fighter began the quest for the Orb.
     0 | D:1      | Reached XP level 1. HP: 18/18 MP: 1/1
   518 | D:1      | Gained mutation: Spells you cast may paralyse adjacent
                  | enemies. [demonic ancestry]
   518 | D:1      | Reached XP level 2. HP: 18/24 MP: 2/2
   888 | D:1      | Found a faded altar of an unknown god.
  1171 | D:2      | Noticed Terence
  1184 | D:2      | Killed Terence
  1185 | D:2      | Gained mutation: You are partially covered in yellow
                  | scales. (AC +2) [demonic ancestry]
  1185 | D:2      | Reached XP level 3. HP: 4/29 MP: 3/3
  1878 | D:2      | Killed from afar by an orc priest

Illustrated notes

Levels and vault maps discovered:
D:1:      minmay_arrival_split_and_join, layout_rooms,
          dreamdust_ecumenical_altar_hidden_monk_grotto, palyth_stone_intersect,
          minmay_tetromino_s2
D:2:      cheibrodos_pilgrimage, layout_loops_corners, uniq_terence

Skill      XL: |  1  2 |
---------------+-------+-----
Maces & Flails | 2 |  2.6
Armour         | 3 |  3.3
Fighting       | |  3.6
Shields        | |  2.6

Action                   || total
-------------------------++-------
Melee: Flail             ||    80
Armor: Scale mail        ||    40
Dodge: Dodged            ||    47
Block: Buckler           ||    14
